 Dungeon Crawl Stone Soup version 0.18.1-8-gdd0e5ea (webtiles) character file.

118363 manyhoops the Shatterer (level 16, -7/204 HPs)
             Began as an Ogre Berserker on May 31, 2016.
             Was the Champion of Trog.
             Mangled by a demonic crawler (8 damage)
             ... on level 2 of the Spider Nest.
             The game lasted 01:23:12 (35850 turns).

manyhoops the Shatterer (Ogre Berserker)           Turns: 35850, Time: 01:23:14

Health: -7/204     AC:  8    Str: 38    XL:     16   Next: 76%
Magic:  0/7        EV:  5    Int: 10    God:    Trog [******]
Gold:   1046       SH:  0    Dex: 14    Spells: 0 memorised, 15 levels left

rFire  . . .     SeeInvis .     P - +6 giant spiked club (antimagic)
rCold  + . .     Gourm    .     T - +2 robe of Misoe {rC++ MP+9 Str+2 Dex+3}
rNeg   . . .     Faith    .     (shield currently unavailable)
rPois  +         Spirit   +     u - +0 hat {MR+}
rElec  +         Dismiss  .     r - +1 cloak {rPois}
rCorr  +         Reflect  .     (gloves unavailable)
SustAt .         Harm     .     (boots unavailable)
MR     +++++                    m - amulet of guardian spirit
Stlth  +.........               d - ring of resist corrosion
                                b - ring of Ciaterix {rC- MR+++ Str+5 Int+2 Dex+4}

@: lethally poisoned (-7 -> -28), held, almost entirely resistant to hostile
enchantments, very unstealthy
A: unfitting armour, hooves 1, icy blue scales 1, clever 1, clumsy 1, low mp 1,
magic resistance 1, sense surroundings 2, electricity resistance, tough skin 1
a: Berserk, Trog's Hand, Brothers in Arms, Burn Spellbooks, Renounce Religion


You were on level 2 of the Spider Nest.
You worshipped Trog.
Trog was exalted by your worship.
You were hungry.

You visited 4 branches of the dungeon, and saw 27 of its levels.
You also visited: Labyrinth and Bailey.

You collected 2912 gold pieces.
You spent 1866 gold pieces at shops.

Inventory:

Hand Weapons
 P - a +6 antimagic giant spiked club (weapon)
Missiles
 D - 7 silver tomahawks
 U - 37 large rocks (quivered)
Armour
 r - a +1 cloak of poison resistance (worn)
 u - a +0 hat of magic resistance (worn)
 T - the +2 robe of Misoe (worn) {rC++ MP+9 Str+2 Dex+3}
   (You bought it in a shop on level 1 of the Orcish Mines)

   It affects your strength (+2).
   It affects your dexterity (+3).
   It greatly protects you from cold.
   It affects your magic capacity (+9).
Jewellery
 b - the ring of Ciaterix (left hand) {rC- MR+++ Str+5 Int+2 Dex+4}
   (You found it on level 2 of the Lair of Beasts)

   [ring of dexterity]

   It affects your strength (+5).
   It affects your intelligence (+2).
   It affects your dexterity (+4).
   It makes you vulnerable to cold.
   It affects your resistance to hostile enchantments.
 d - a ring of resist corrosion (right hand)
 m - an amulet of guardian spirit (around neck)
 E - an uncursed ring of positive energy
Wands
 a - a wand of disintegration (9/24)
 e - a wand of digging (4/24)
 F - a wand of lightning (7/15)
 G - a wand of iceblast (10/15)
Scrolls
 g - 2 scrolls of recharging
 h - 6 scrolls of remove curse
 i - 2 scrolls of fear
 j - 4 scrolls of amnesia
 k - 2 scrolls of magic mapping
 q - 13 scrolls of teleportation
 x - 2 scrolls of fog
 z - 6 scrolls of noise
 C - 2 scrolls of holy word
 S - a scroll of random uselessness
 W - a scroll of blinking {unknown}
Potions
 l - 2 potions of haste
 n - 2 potions of magic
 o - 9 potions of curing
 p - a potion of invisibility
 s - a potion of cure mutation
 t - 2 potions of resistance
 w - 3 potions of agility
 A - 2 potions of lignification
 H - a potion of might
 N - a potion of brilliance
 O - 2 potions of berserk rage
 R - a potion of cancellation
 Y - a potion of heal wounds
Books
 K - a book of Battle

   Spells                             Type                      Level
   a - Infusion                       Charms                       1
   b - Shroud of Golubria             Charms/Translocation         2
   c - Song of Slaying                Charms                       2
   d - Spectral Weapon                Hexes/Charms                 3
   e - Regeneration                   Charms/Necromancy            3
   Trog disapproves of the use of such an item.
 Z - the Reference Book on Orientation
   (You found it in a labyrinth)

   Spells                             Type                      Level
   a - Apportation                    Translocation                1
   b - Blink                          Translocation                2
   c - Gell's Gravitas                Hexes/Translocation          3
   d - Teleport Other                 Translocation                3
   e - Passage of Golubria            Translocation                4
   f - Summon Forest                  Summoning/Translocation      5
   Trog disapproves of the use of such an item.
Miscellaneous
 J - a phial of floods
Comestibles
 c - a chunk of flesh
 f - 8 meat rations


   Skills:
 * Level 23.4 Fighting
 - Level 24.0 Maces & Flails
 * Level 6.6 Throwing
 - Level 2.6 Dodging
 - Level 0.1 Evocations


You had 15 spell levels left.
You didn't know any spells.

Dungeon Overview and Level Annotations

Branches:
Dungeon (15/15)            Temple (0/1) D:5            Lair (8/8) D:11
 Shoals (0/4) Lair:6       Spider (2/4) Lair:4        Slime (0/6) Lair:7
    Orc (2/2) D:11            Elf (0/3) Orc:2        Vaults (0/5) D:14
 Depths (0/5) D:15

Altars:
Cheibriados
Dithmenos
Fedhas
Kikubaaqudgha
Qazlal
Ru
Trog
Xom
Zin
The Shining One

Shops:
D:13 ?   Orc:1 [   Orc:2 [*([


Innate Abilities, Weirdness & Mutations

You are too large for most types of armour.
You have tough skin (AC +1).
You have large cloven feet.
You are partially covered in icy blue scales (AC +1).
Your mind is acute. (Int +2)
You are clumsy. (Dex -2)
Your magical capacity is low (-10% MP).
You are resistant to hostile enchantments.
You passively map the area around you.
You are resistant to electric shocks.


Message History

The demonic crawler barely misses you.
The demonic crawler hits you but does no damage.
The redback bites you!
* * * LOW HITPOINT WARNING * * *
The redback bites you!
* * * LOW HITPOINT WARNING * * *
You feel much better.
You feel sick. The demonic crawler hits you.
* * * LOW HITPOINT WARNING * * *
The demonic crawler hits you.
* * * LOW HITPOINT WARNING * * *
The demonic crawler hits you!
* * * LOW HITPOINT WARNING * * *
The redback bites you but does no damage.
The redback bites you.
* * * LOW HITPOINT WARNING * * *
The redback bites you!
* * * LOW HITPOINT WARNING * * *
The demonic crawler hits you but does no damage.
The demonic crawler hits you!
You die...

, ,, ,, , ,, ,
, *,, , , ** .s
.# , , , * .#
..# * , ,,
.##... , ,, #
#.#s..# , * , ,
, *,.#......# ,
, * *
##........ , **
, *, ,
##.ss...... , ,
* * *
,#..@s...... ,
* , ,
#...s.s......,
* ,
#.....T......,
* *
#............#
* *
#............#*
* *
.........####.#
,* * ,
.#####...# * .
,,* ,, *
*..#.#* * * *
,, , ,, , *


You could see a demonic crawler, an orb spider, a jumping spider, a tarantella
(wandering), 3 redbacks and a friendly iron troll (berserk).

Vanquished Creatures
  Rupert (Lair:5)
  Gastronok (D:12)
  Frances (D:12)
  An orc warlord (Orc:2)
  The ghost of Thrillho the Geomancer, a journeyman GrEE of Vehumet (Orc:1)
  Azrael (D:15)
  A minotaur (Lab)
  An ettin (Orc:1)
  A fire dragon (Lair:8)
  6 hydras
  3 centaur warriors
  A death knight (D:13)
  2 dancing weapons (D:14)
  A tengu warrior (D:14)
  5 death yaks (Lair:4)
  2 orc high priests (Orc:2)
  Urug (D:10)
  Sonja (D:15)
  An unseen horror (D:14)
  7 hill giants
  A deep elf archer (Bailey)
  2 wizards (D:15)
  An orc knight (Orc:2)
  4 wolf spiders
  An orb spider (Spider:1)
  A necromancer (D:15)
  2 wolf spider zombies (D:15)
  A manticore (D:9)
  3 ugly things (D:15)
  6 cyclopes
  5 orc sorcerers (Orc:2)
  14 deep elf magi
  A salamander (Lair:1)
  Maurice (D:9)
  8 black mambas
  5 elephants (Lair:6)
  2 molten gargoyles (Lair:1)
  6 centaur zombies
  A naga mage (D:15)
  2 gargoyles
  16 spiny frogs
  6 rime drakes
  3 demonic crawlers (Spider:1)
  8 kobold demonologists
  14 komodo dragons
  4 jumping spiders
  A tengu conjurer (D:14)
  10 trolls
  A wolf spider simulacrum (D:15)
  4 polar bears
  2 two-headed ogres
  28 blink frogs
  A boulder beetle (D:9)
  A slime creature (Lair:3)
  Sigmund (D:3)
  16 redbacks
  A vampire (D:14)
  7 tarantellas (Spider:1)
  A wraith (D:15)
  2 wyverns
  4 fire elementals
  3 hungry ghosts
  Grum (D:9)
  5 basilisks
  64 yaks
  14 hippogriffs
  4 vampire mosquitoes (D:12)
  13 fire bats (Lair:1)
  A redback simulacrum (D:15)
  3 steam dragons
  Menkaure (D:6)
  2 mottled dragons
  4 wargs (Orc:2)
  2 soldier ants
  17 water moccasins
  Duvessa (D:5)
  4 hell hounds (D:15)
  A hornet simulacrum (D:15)
  27 orc warriors
  13 porcupines
  A swamp drake (Lair:8)
  7 ice beasts
  4 sky beasts
  A phantom (D:5)
  An eye of draining (D:8)
  2 wasps (D:9)
  13 ogres
  A black bear (D:10)
  A necrophage (D:11)
  7 wolves
  15 centaurs
  7 big kobolds
  14 crocodiles
  30 giant frogs
  2 scorpions
  A wyvern skeleton (D:7)
  Dowan (D:5)
  13 killer bees
  9 wights
  3 howler monkeys
  2 electric eels
  11 crimson imps
  2 giant frog zombies
  6 lava snakes
  Crazy Yiuf (D:4)
  6 hounds
  12 jellies
  2 quasits
  4 giant frog skeletons
  28 orc priests
  4 centaur skeletons
  8 iguanas
  42 orc wizards
  7 hell rats (Lair:2)
  13 worker ants
  A sheep (Lair:7)
  2 hound skeletons
  92 river rats
  21 adders
  2 shadow imps
  4 white imps (D:11)
  A worker ant simulacrum (D:11)
  2 ufetubi
  17 oozes
  4 worms
  3 dart slugs
  5 giant geckos
  90 orcs
  3 bat zombies (D:4)
  10 giant cockroaches
  14 goblins
  11 hobgoblins
  21 jackals
  5 quokkas
  8 ball pythons
  14 bats
  A giant cockroach zombie (D:6)
  9 giant newts
  22 kobolds
  A quokka skeleton (D:9)
  21 rats
  A rat zombie (D:4)
  3 plants
1086 creatures vanquished.

Vanquished Creatures (collateral kills)
  Maud (D:10)
1 creature vanquished.

Vanquished Creatures (others)
  An orc priest (Orc:2)
  22 fungi
  16 plants
39 creatures vanquished.

Grand Total: 1126 creatures vanquished

Notes
Turn   | Place    | Note
--------------------------------------------------------------
     0 | D:1      | manyhoops the Ogre Berserker began the quest for the Orb.
     0 | D:1      | Reached XP level 1. HP: 24/24 MP: 1/1
    69 | D:1      | Reached XP level 2. HP: 20/33 MP: 2/2
   552 | D:1      | Reached ** piety under Trog
   557 | D:1      | Reached XP level 3. HP: 38/40 MP: 3/3
   607 | D:1      | Reached skill level 5 in Maces & Flails
  1032 | D:2      | Reached skill level 5 in Fighting
  1380 | D:2      | Reached XP level 4. HP: 36/50 MP: 4/4
  1791 | D:2      | Found a shimmering altar of Xom.
  1817 | D:2      | Reached *** piety under Trog
  2121 | D:3      | Reached XP level 5. HP: 37/59 MP: 5/5
  2174 | D:3      | Noticed Sigmund
  2197 | D:3      | Killed Sigmund
  2197 | D:3      | Reached skill level 7 in Maces & Flails
  2197 | D:3      | Reached XP level 6. HP: 57/68 MP: 6/6
  2326 | D:3      | Found a snail-covered altar of Cheibriados.
  2869 | D:4      | Reached skill level 8 in Maces & Flails
  2871 | D:4      | Reached **** piety under Trog
  2894 | D:4      | Reached XP level 7. HP: 67/78 MP: 7/7
  3044 | D:4      | Found a sacrificial altar of Ru.
  3369 | D:4      | Found an ancient bone altar of Kikubaaqudgha.
  3399 | D:4      | Noticed Crazy Yiuf
  3408 | D:4      | Killed Crazy Yiuf
  3517 | D:4      | Reached skill level 9 in Maces & Flails
  3602 | D:5      | Entered Level 5 of the Dungeon
  3663 | D:5      | Noticed Dowan
  3679 | D:5      | Killed Dowan
  3724 | D:5      | Found a shadowy altar of Dithmenos.
  3783 | D:5      | Reached XP level 8. HP: 52/88 MP: 5/8
  3870 | D:5      | Reached skill level 10 in Maces & Flails
  3892 | D:5      | Found a staircase to the Ecumenical Temple.
  4155 | D:5      | Noticed Duvessa
  4166 | D:5      | Killed Duvessa
  4294 | D:6      | Reached skill level 11 in Maces & Flails
  4339 | D:6      | Noticed Menkaure
  4351 | D:6      | Killed Menkaure
  4477 | D:6      | Found a glowing golden altar of the Shining One.
  4644 | D:6      | Found a bloodstained altar of Trog.
  4905 | D:7      | Reached skill level 12 in Maces & Flails
  4905 | D:7      | Reached XP level 9. HP: 91/100 MP: 9/9
  4930 | D:7      | Found a stormy altar of Qazlal.
  5287 | D:7      | Reached skill level 10 in Fighting
  5308 | D:7      | Found a bloodstained altar of Trog.
  5398 | D:7      | Reached ***** piety under Trog
  5485 | D:7      | Reached skill level 13 in Maces & Flails
  5530 | D:7      | Got a polished long sword
  5531 | D:7      | Identified the +1 long sword "Pakeo" {antimagic, rC+++ Str-4 Int+4 Stlth-} (You found it on level 7 of the Dungeon)
  6178 | D:8      | Reached skill level 14 in Maces & Flails
  6802 | D:9      | Reached XP level 10. HP: 113/113 MP: 10/10
  6962 | D:9      | Reached skill level 15 in Maces & Flails
  7051 | D:9      | Noticed a manticore
  7067 | D:9      | Killed a manticore
  7070 | D:9      | Noticed Grum
  7215 | D:10     | Entered Level 10 of the Dungeon
  7615 | D:9      | Killed Grum
  7615 | D:9      | Reached skill level 16 in Maces & Flails
  7716 | D:9      | Noticed a hill giant
  7726 | D:9      | Killed a hill giant
  7726 | D:9      | Reached XP level 11. HP: 49/123 MP: 6/11
  8158 | D:9      | Reached skill level 17 in Maces & Flails
  8515 | D:9      | Noticed Maurice
  8536 | D:9      | Killed Maurice
  8536 | D:9      | Received a gift from Trog
  9142 | D:10     | Noticed a hill giant
  9157 | D:10     | Killed a hill giant
  9236 | D:10     | Noticed Maud
  9249 | D:10     | Killed Maud
  9249 | D:10     | Reached skill level 18 in Maces & Flails
  9906 | D:10     | Noticed Urug
  9925 | D:10     | Killed Urug
 11186 | D:11     | Noticed a four-headed hydra
 11273 | D:11     | Received a gift from Trog
 11273 | D:11     | Reached skill level 19 in Maces & Flails
 11380 | D:11     | Reached XP level 12. HP: 55/136 MP: 9/12
 11544 | D:11     | Killed a four-headed hydra
 11654 | D:11     | Found a staircase to the Lair.
 11711 | D:11     | Received a gift from Trog
 11776 | D:10     | Gained mutation: You are resistant to hostile enchantments. [mutagenic meat]
 11777 | D:10     | Gained mutation: You are partially covered in icy blue scales (AC +1). [mutagenic meat]
 11778 | D:10     | Gained mutation: You have large cloven feet. [mutagenic meat]
 11779 | D:10     | Gained mutation: You are clumsy. (Dex -2) [mutagenic meat]
 11780 | D:10     | Gained mutation: You passively map a small area around you. [mutagenic meat]
 11871 | D:10     | Reached ****** piety under Trog
 12644 | D:11     | Found a staircase to the Orcish Mines.
 12792 | D:11     | Reached skill level 20 in Maces & Flails
 13279 | Orc:1    | Entered Level 1 of the Orcish Mines
 13282 | Orc:1    | Noticed an ettin
 13790 | Orc:1    | Killed an ettin
 14058 | Orc:1    | Noticed Thrillho's ghost (journeyman GrEE)
 14072 | Orc:1    | Killed Thrillho's ghost
 14336 | Orc:1    | Found Nuhin's Antique Armour Shop.
 14341 | Orc:1    | Bought a runed cloak for 126 gold pieces
 14341 | Orc:1    | Bought an ominously black robe for 159 gold pieces
 14361 | Orc:1    | Identified the +2 robe of Misoe {rC++ MP+9 Str+2 Dex+3} (You bought it in a shop on level 1 of the Orcish Mines)
 14641 | Orc:2    | Entered Level 2 of the Orcish Mines
 14752 | Orc:2    | Received a gift from Trog
 14773 | Orc:2    | Noticed an orc warlord
 14801 | Orc:2    | Reached skill level 21 in Maces & Flails
 14810 | Orc:2    | Killed an orc warlord
 15059 | Orc:2    | Found a staircase to the Elven Halls.
 15126 | Orc:2    | Reached XP level 13. HP: 108/148 MP: 13/13
 15993 | Orc:2    | Received a gift from Trog
 16112 | Orc:2    | Reached skill level 15 in Fighting
 16136 | Orc:2    | Paralysed by an orc sorcerer for 7 turns
 16740 | Orc:2    | Found Kimanuh's Armour Emporium.
 16740 | Orc:2    | Found Feujaops's Assorted Antiques.
 16741 | Orc:2    | Found Feqirel's Antique Armour Shoppe.
 16747 | Orc:2    | Paralysed by an orc sorcerer for 7 turns
 16768 | Orc:2    | Found Xukhylup's Antique Weapon Shoppe.
 16857 | Orc:2    | Bought a glowing robe for 19 gold pieces
 16884 | Orc:2    | Bought the +1 cloak of Failure {Str+3 Dex+5} for 466 gold pieces
 16972 | Orc:2    | Reached skill level 22 in Maces & Flails
 17033 | Lair:1   | Entered Level 1 of the Lair of Beasts
 17353 | Lair:1   | Received a gift from Trog
 18599 | Lair:1   | Received a gift from Trog
 18721 | Lair:1   | Reached skill level 1 in Throwing
 19209 | Lair:1   | Reached skill level 23 in Maces & Flails
 19666 | Lair:2   | Got a crude copper ring
 19778 | Lair:2   | Identified the ring of Ciaterix {rC- MR+++ Str+5 Int+2 Dex+4} (You found it on level 2 of the Lair of Beasts)
 20005 | Lair:2   | Reached XP level 14. HP: 131/159 MP: 14/14
 20606 | Lair:3   | Received a gift from Trog
 21121 | Lair:3   | Received a gift from Trog
 21444 | Lair:4   | Reached skill level 24 in Maces & Flails
 21777 | Lair:4   | Found a hole to the Spider Nest.
 22220 | Lair:5   | Received a gift from Trog
 23716 | Lair:6   | Noticed Rupert
 23745 | Lair:5   | Killed Rupert
 24318 | Lair:6   | Found a staircase to the Shoals.
 24460 | Lair:6   | Received a gift from Trog
 24827 | Lair:7   | Found a labyrinth entrance.
 24856 | Lab      | Entered a labyrinth
 25160 | Lab      | Received a gift from Trog
 25333 | Lab      | Identified the Reference Book on Orientation
 25340 | Lab      | Identified the Grimoire of Conjuration and Weightlessness (You found it in a labyrinth)
 25642 | Lair:7   | Found a staircase to the Slime Pits.
 25702 | Lair:7   | Reached XP level 15. HP: 130/176 MP: 6/15
 26369 | Lair:8   | Entered Level 8 of the Lair of Beasts
 26841 | Lair:8   | Received a gift from Trog
 28657 | Lair:8   | Received a gift from Trog
 29054 | Lair:1   | Gained mutation: Your mind is acute. (Int +2) [mutagenic meat]
 29055 | Lair:1   | Gained mutation: You are resistant to electric shocks. [mutagenic meat]
 29057 | Lair:1   | Gained mutation: Your magical capacity is low (-10% MP). [mutagenic meat]
 29058 | Lair:1   | Gained mutation: You passively map the area around you. [mutagenic meat]
 29376 | D:12     | Found a flagged portal.
 29386 | Bailey   | Entered a bailey
 29677 | Bailey   | Identified Ycim's Almanac of Air and Poison
 29744 | Bailey   | Reached skill level 5 in Throwing
 29823 | D:12     | Noticed Gastronok
 29833 | D:12     | Killed Gastronok
 29900 | D:12     | Noticed Frances
 29907 | D:12     | Killed Frances
 30447 | D:13     | Found a glowing silver altar of Zin.
 30733 | D:13     | Found Surosch's Magic Scroll Shoppe.
 30748 | D:13     | Bought a scroll of identify for 34 gold pieces
 30748 | D:13     | Bought a scroll of acquirement for 884 gold pieces
 30748 | D:13     | Bought a scroll of teleportation for 51 gold pieces
 30748 | D:13     | Bought a scroll of enchant weapon for 127 gold pieces
 31445 | D:14     | Reached XP level 16. HP: 38/197 MP: 1/14
 31861 | D:14     | Found a gate to the Vaults.
 31881 | D:14     | Received a gift from Trog
 32263 | D:14     | Received a gift from Trog
 32790 | D:15     | Entered Level 15 of the Dungeon
 32833 | D:15     | Noticed Azrael
 32840 | D:15     | Killed Azrael
 33741 | D:15     | Noticed Sonja
 33752 | D:15     | Killed Sonja
 33796 | D:15     | Found a blossoming altar of Fedhas.
 34126 | D:15     | Received a gift from Trog
 34137 | D:15     | Got a pitted dire flail {god gift}
 34141 | D:15     | Identified the +4 dire flail "Ceottos" {antimagic, rC+ Int+4} (Trog gifted it to you on level 15 of the Dungeon)
 34428 | D:15     | Found a staircase to the Depths.
 34884 | Spider:1 | Entered Level 1 of the Spider Nest
 35812 | Spider:1 | Received a gift from Trog
 35850 | Spider:2 | HP: 9/204 [redback (5)]
 35850 | Spider:2 | HP: 1/204 [redback (8)]
 35850 | Spider:2 | Mangled by a demonic crawler

Skill      XL: |  1  2  3  4  5  6  7  8  9 10 11 12 13 14 15 16 |
---------------+-------------------------------------------------+-----
Maces & Flails | 5 7 8 9 12 14 16 19 21 23 24 | 24.0
Fighting       | 5 6 7 8 9 11 12 13 14 15 18 21 23 | 23.4
Throwing       | 1 4 5 6 |  6.6
Dodging        | |  2.6
Evocations     | |  0.1

Action                   |  1- 3 |  4- 6 |  7- 9 | 10-12 | 13-15 | 16-18 || total
-------------------------+-------+-------+-------+-------+-------+-------++-------
Melee: Mace              |   132 |   186 |   166 |       |       |       ||   484
       Flail             |       |       |   210 |   609 |       |       ||   819
       Giant club        |       |       |       |   222 |   547 |       ||   769
       Kick              |       |       |       |    72 |   393 |    94 ||   559
       Giant spiked club |       |       |       |       |   680 |   253 ||   933
Throw: Large rock        |       |       |       |     6 |    35 |    15 ||    56
Invok: Berserk           |     1 |     1 |     8 |    18 |     8 |     2 ||    38
       Trog's Hand       |       |     1 |     1 |       |     1 |       ||     3
       Brothers in Arms  |       |       |       |     2 |       |     1 ||     3
       Burn Spellbooks   |       |       |       |       |     3 |       ||     3
Evoke: Wand              |       |       |     3 |       |       |       ||     3
  Use: Scroll            |       |     4 |     8 |     7 |    20 |     2 ||    41
       Potion            |       |       |       |     1 |     2 |     1 ||     4
 Stab: Sleeping          |       |       |     2 |     1 |     2 |       ||     5
  Eat: Chunk             |     3 |     6 |    11 |    49 |    38 |     6 ||   113
       Beef jerky        |       |       |     1 |     2 |     1 |     1 ||     5
       Bread ration      |       |       |     2 |       |       |     1 ||     3
       Meat ration       |       |       |       |       |     5 |     1 ||     6
       Royal jelly       |       |       |       |       |     1 |       ||     1
Armor: Animal skin       |    40 |    50 |    71 |       |       |       ||   161
       Robe              |       |       |     2 |   227 |   272 |   113 ||   614
       Skin              |       |       |       |       |     1 |    24 ||    25
Dodge: Dodged            |    73 |    93 |   152 |   312 |   444 |   123 ||  1197
